 Dungeon Crawl Stone Soup version 0.28.0-53-g5a82cb258f (webtiles) character file.

Game seed: 1876692650231894439

5867 DemonSlayer the Arsonist (level 10, -8/68 HPs)
             Began as a Demonspawn Fire Elementalist on Aug 16, 2022.
             Was a Believer of Cheibriados.
             Mangled by a red ugly thing (14 damage)
             ... on level 8 of the Dungeon.
             The game lasted 00:26:04 (11908 turns).

DemonSlayer the Arsonist (DsFE)                    Turns: 11908, Time: 00:26:05

Health: -8/68      AC: 15    Str: 12    XL:     10   Next: 52%
Magic:  22/22      EV: 12    Int: 26    God:    Cheibriados [**....]
Gold:   196        SH:  4    Dex: 17    Spells: 8/26 levels left

rFire   . . .      SeeInvis .   j - +0 hand axe (vorpal)
rCold   . . .      Faith    .   F - +0 buckler
rNeg    . . .      Spirit   .   a - +0 robe
rPois   .          Reflect  .   f - +1 hat
rElec   .          Harm     .   c - +0 cloak
rCorr   .          Rampage  .   C - +0 pair of gloves
Will    .....                   G - +0 pair of boots
Stlth   +++.......              i - amulet of magic regeneration
HPRegen 0.21/turn               k - ring of flight
MPRegen 0.58/turn               (no ring)

@: mighty, about to teleport, sanguine armoured, flying, very slow
A: hooves 1, demonic guardian 1, sanguine armour 2
a: Renounce Religion, Bend Time


You were on level 8 of the Dungeon.
You worshipped Cheibriados.
Cheibriados was pleased with you.
You visited 2 branches of the dungeon, and saw 9 of its levels.
You also visited: Sewer.

You collected 534 gold pieces.
You spent 338 gold pieces at shops.

Inventory:

Hand Weapons
 e - a +5 scimitar
 j - a +0 vorpal hand axe (weapon)
 w - a +2 hunting sling of flaming
Missiles
 o - 68 sling bullets
 A - a curare-tipped dart
Armour
 a - a +0 robe (worn)
 c - a +0 cloak (worn)
 f - a +1 hat (worn)
 C - a +0 pair of gloves (worn)
 F - a +0 buckler (worn)
 G - a +0 pair of boots (worn)
Jewellery
 i - an amulet of magic regeneration (around neck)
 k - a ring of flight (left hand)
 x - an amulet of guardian spirit
Wands
 t - a wand of paralysis (1)
 y - a wand of mindburst (15)
 E - a wand of digging (5)
Scrolls
 b - 6 scrolls of vulnerability
 l - 2 scrolls of amnesia
 s - a scroll of fog
 v - a scroll of immolation
Potions
 g - 3 potions of mutation
 m - 2 potions of attraction
 n - a potion of lignification
 p - a potion of brilliance
 r - a potion of magic
 u - 6 potions of curing
 z - a potion of resistance {unknown}
 D - a potion of cancellation


   Skills:
 + Level 2.7 Fighting
 + Level 2.3 Axes
 + Level 4.7 Slings
 + Level 2.8 Dodging
 + Level 3.4 Stealth
 + Level 8.8 Spellcasting
 + Level 3.3 Conjurations
 + Level 9.1 Fire Magic
 + Level 1.4 Evocations


You had 8 spell levels left.
You knew the following spells:

 Your Spells              Type           Power      Damage    Failure   Level
a - Foxfire               Conj/Fire      100%       2x1d9     1%          1
b - Scorch                Fire           100%       2d10      1%          2
c - Conjure Flame         Conj/Fire      44%        6-21      1%          3
d - Flame Wave            Conj/Fire      44%        2d10      5%          4
e - Dazzling Flash        Conj/Hex       40%        N/A       11%         3
f - Agony                 Necr           11%        N/A       89%         5

Your spell library contained the following spells:

 Spells                   Type           Power      Damage    Failure   Level
 Inner Flame              Hex/Fire       35%        N/A       3%          3
 Beastly Appendage        Tmut           22%        N/A       7%          1
 Wereblood                Tmut           11%        N/A       11%         2
 Spider Form              Tmut/Pois      11%        N/A       22%         3
 Summon Ice Beast         Ice/Summ       11%        N/A       56%         4
 Silence                  Hex/Air        5%         N/A       89%         5
 Summon Mana Viper        Hex/Summ       11%        N/A       89%         5
 Monstrous Menagerie      Summ           5%         N/A       100%        7


Dungeon Overview and Level Annotations

Branches:
Dungeon (8/15)             Temple (1/1) D:4           Sewer (visited)
   Lair: D:8-11

Altars:
Ashenzari
Cheibriados
Dithmenos
Elyvilon
Fedhas
Gozag
Hepliaklqana
Kikubaaqudgha
Makhleb
Nemelex Xobeh
Okawaru
Ru
Sif Muna
Uskayaw
Vehumet
Wu Jian
Xom
Yredelemnul
Zin
The Shining One

Shops:
D:7 !


Innate Abilities, Weirdness & Mutations

You have large cloven feet.
A weak demonic guardian rushes to your aid.
When seriously injured, your blood forms thick armour. (AC +9)


Message History

Your shadow imp dies!
Your shadow imp disappears in a puff of smoke!
The red ugly thing gurgles horribly!
Your magical contamination has completely faded away.
You bump into the rock wall.
The red ugly thing barely misses you.
Unknown command.
You bump into the rock wall.
The red ugly thing closely misses you.
You are too confused!
You closely miss the red ugly thing.
The red ugly thing is heavily wounded.
The red ugly thing misses you.
You hit the red ugly thing.
The red ugly thing is heavily wounded.
The red ugly thing trunk-slaps you.
You are engulfed in flames!
* * * LOW HITPOINT WARNING * * *
You are too confused!
You closely miss the red ugly thing.
The red ugly thing is heavily wounded.
The red ugly thing trunk-slaps you but does no damage.
You are too confused!
You miss the red ugly thing.
The red ugly thing is heavily wounded.
The red ugly thing trunk-slaps you.
You are engulfed in flames!!
* * * LOW HITPOINT WARNING * * *
A demonic guardian appears!
The red ugly thing misses you.
Unknown command.
You feel less invigorated.
You feel less confused.
You swap places.
Your ufetubus hits the red ugly thing but does no damage. x2
The red ugly thing trunk-slaps your ufetubus!
Your ufetubus dies!
Your ufetubus disappears in a puff of smoke!
As you read the scroll of teleportation, it crumbles to dust.
You feel strangely unstable.
The red ugly thing trunk-slaps you but does no damage.
The red ugly thing trunk-slaps you!
* * * LOW HITPOINT WARNING * * *
A demonic guardian appears!
You are engulfed in flames!
You die...

,,,,** ##...........)#### *,***
*****#..............[.[ *,,**
**,,,*#.######'##.....[[ ♣♣,,**
*,***,#.# #.*#.....). .♣*,,** *,*
*,#.# ###'##....... .,**,,**
*.♣♣*,#.# #....#.......
**,**,,***♣...*#.# #....'.......
*,*,**,,***,..♣#u## #....#.......
,,8,,**..*,**♣.#@.# #....#.......
*,,,**♣..,,* ♣....###....#.......
**,**♣..♣*,**♣5#.................
♣***♣..♣***,..♣#.................
♣♣*♣..♣* **...*#...........#'#..#
.♣♣..♣* #.♣♣*,#...........#.#.(#
....♣* #,* *,#.......###.#.#..#
♣).♣♣ *,***,#.......# #.#.##.#
♣.♣♣ **,,,*#.......# #.#....#


You could see a red ugly thing (ally target) and a friendly quasit (summoned).

Vanquished Creatures
  Gastronok (D:8)
  A two-headed ogre (D:8)
  Pikel (D:7)
  A deep elf pyromancer (D:8)
  A cyclops (D:8)
  Grinder (D:5)
  A slime creature (D:8)
  Sigmund (D:2)
  A steam dragon (D:7)
  Edmund (D:4)
  A black bear (D:8)
  A necrophage (D:7)
  3 ice beasts
  4 centaurs
  2 kobold brigands (D:8)
  A bullfrog (D:6)
  A wyvern zombie (D:8)
  4 scorpions
  A water moccasin zombie (D:5)
  6 wights (D:8)
  Ijyb (D:4)
  An orc priest (D:5)
  A gnoll shaman (D:4)
  A hell rat (Sewer)
  3 iguanas
  Natasha (thrice) (D:2)
  2 killer bee zombies
  7 adders
  6 gnolls
  A howler monkey skeleton (D:7)
  3 river rats (Sewer)
  4 white imps
  An ufetubus (D:6)
  4 worms
  A dart slug (D:4)
  13 orcs
  6 endoplasms
  2 giant cockroaches
  5 goblins
  9 hobgoblins
  3 jackals (D:4)
  4 quokkas
  5 ball pythons
  3 bats
  2 frilled lizards
  8 kobolds
  11 rats
144 creatures vanquished.

Vanquished Creatures (collateral kills)
  A kobold brigand (D:8)
  2 foxfires (D:4)
3 creatures vanquished.

Vanquished Creatures (others)
  266 foxfires
  A fungus (D:1)
  11 plants
278 creatures vanquished.

Grand Total: 425 creatures vanquished

Notes
Turn   | Place    | Note
-------+----------+-------------------------------------------
     0 | D:1      | DemonSlayer the Demonspawn Fire Elementalist began the
                  | quest for the Orb.
     0 | D:1      | Reached XP level 1. HP: 13/13 MP: 3/3
   709 | D:1      | Found a faded altar of an unknown god.
   730 | D:1      | Gained mutation: You have large cloven feet. [demonic
                  | ancestry]
   730 | D:1      | Reached XP level 2. HP: 16/19 MP: 5/5
   733 | D:1      | Learned a level 2 spell: Scorch
  1285 | D:2      | Noticed Natasha
  1292 | D:2      | Killed Natasha
  1293 | D:2      | Reached skill level 3 in Fire Magic
  1293 | D:2      | Gained mutation: When seriously injured, your blood forms
                  | armour. (AC +9) [demonic ancestry]
  1293 | D:2      | Reached XP level 3. HP: 6/24 MP: 3/6
  1534 | D:2      | Noticed Sigmund
  1799 | D:2      | Noticed Natasha
  1803 | D:2      | Killed Natasha
  1866 | D:2      | Gained mutation: When seriously injured, your blood forms
                  | thick armour. (AC +9) [demonic ancestry]
  1866 | D:2      | Reached XP level 4. HP: 30/30 MP: 0/7
  2011 | D:2      | Noticed Natasha
  2020 | D:2      | Killed Natasha
  2273 | D:2      | Killed Sigmund
  2274 | D:2      | Reached skill level 1 in Axes
  2274 | D:2      | Reached skill level 4 in Fire Magic
  2274 | D:2      | Reached XP level 5. HP: 27/35 MP: 2/10
  2274 | D:2      | Gained mutation: A weak demonic guardian rushes to your
                  | aid. [demonic ancestry]
  2274 | D:2      | Reached XP level 6. HP: 32/41 MP: 2/11
  2966 | D:2      | Learned a level 3 spell: Conjure Flame
  2971 | D:2      | Learned a level 4 spell: Flame Wave
  3786 | D:4      | Found a glowing drain.
  3802 | Sewer    | Entered a sewer
  4521 | D:4      | Reached XP level 7. HP: 46/46 MP: 9/13
  4547 | D:4      | Found a staircase to the Ecumenical Temple.
  4577 | Temple   | Entered the Ecumenical Temple
  4937 | D:4      | Found a snail-covered altar of Cheibriados.
  4947 | D:4      | Became a worshipper of Cheibriados the Contemplative
  4981 | D:4      | Found a shimmering altar of Xom.
  4989 | D:4      | Noticed Ijyb
  4993 | D:4      | HP: 1/46 [Ijyb/bolt of acid (45)]
  4999 | D:4      | Killed Ijyb
  5000 | D:4      | Reached skill level 5 in Fire Magic
  5791 | D:4      | Noticed Edmund
  5799 | D:4      | Killed Edmund
  5937 | D:5      | Entered Level 5 of the Dungeon
  5942 | D:5      | Reached skill level 5 in Spellcasting
  6103 | D:5      | Found a blossoming altar of Fedhas.
  6386 | D:5      | Noticed Grinder
  6392 | D:5      | Killed Grinder
  6393 | D:5      | Reached skill level 6 in Fire Magic
  6393 | D:5      | Reached XP level 8. HP: 39/53 MP: 9/16
  6689 | D:5      | Learned a level 3 spell: Dazzling Flash
  6711 | D:6      | You are sucked into a shaft and drop 2 floors!
  6736 | D:8      | Reached * piety under Cheibriados
  6757 | D:8      | Noticed a deep elf pyromancer
  6763 | D:8      | Noticed a cyclops
  7155 | D:8      | Reached skill level 7 in Fire Magic
  7157 | D:8      | Noticed Gastronok
  7175 | D:8      | Killed Gastronok
  7176 | D:8      | Reached skill level 1 in Fighting
  7176 | D:8      | Reached skill level 1 in Slings
  7176 | D:8      | Reached skill level 8 in Fire Magic
  7176 | D:8      | Reached skill level 1 in Evocations
  7176 | D:8      | Reached XP level 9. HP: 30/59 MP: 17/20
  7864 | D:8      | Noticed a red ugly thing
  7939 | D:7      | Found a broken altar of Ashenzari.
  7994 | D:7      | Found Acsuryla's Distillery.
  8003 | D:7      | Bought a potion of magic for 104 gold pieces
  8003 | D:7      | Bought 2 potions of heal wounds for 130 gold pieces
  8003 | D:7      | Bought a potion of mutation for 104 gold pieces
  8731 | D:7      | Noticed Pikel
  9217 | D:7      | Killed Pikel
  9346 | D:7      | Reached XP level 10. HP: 42/67 MP: 22/22
 10345 | D:6      | Learned a level 5 spell: Agony
 10415 | D:8      | Noticed a cyclops
 10427 | D:8      | Killed a cyclops
 10491 | D:8      | Noticed a two-headed ogre
 10501 | D:8      | Killed a two-headed ogre
 10645 | D:8      | Noticed an orc knight
 11582 | D:8      | Reached ** piety under Cheibriados
 11583 | D:8      | Reached skill level 9 in Fire Magic
 11747 | D:8      | Killed a deep elf pyromancer
 11908 | D:8      | Mangled by a red ugly thing

Illustrated notes

Levels and vault maps discovered:
D:1:      minmay_arrival_arboretum_small, layout_loops_ring,
          shapermc_ecumenical_altar_ellora
D:2:      layout_basic, minmay_misc_feat_hallway, uniq_natasha, uniq_sigmund
D:3:      layout_basic, serial_rivers, chequers_serial_rivers_room_b,
          chequers_serial_rivers_small_a, chequers_serial_rivers_room_b,
          chequers_serial_rivers_small_a, chequers_serial_rivers_marsh
D:4:      layout_gridville, mainiacjoe_overflow_catch_the_wave,
          minmay_temple_entry_gardened_gates, cheibrodos_sewer_entry_bend,
          grunt_ministairs_12, hex_large, nicolae_grassy_gnolls, uniq_ijyb,
          uniq_edmund
D:5:      layout_basic, fedhas_altar_2, chequers_serial_rivers_marsh,
          uniq_grinder
D:6:      layout_gridville
D:7:      layout_gridville, evilmike_ruin_ashenzari, serial_shops, shop,
          uniq_pikel
D:8:      nzn_winding_woodlands_cross [nzn_winding_woodlands_5x15_eye,
          nzn_winding_woodlands_5x15_zeroes,
          nzn_winding_woodlands_5x15_pathside_ponds,
          nzn_winding_woodlands_5x15_garden,
          nzn_winding_woodlands_15x15_thick_spiral], layout_basic,
          uniq_gastronok
Temple:   eino_temple_rhombus

Skill      XL: |  1  2  3  4  5  6  7  8  9 10 |
---------------+-------------------------------+-----
Stealth        | 2 3 |  3.4
Dodging        | 2 |  2.8
Fire Magic     | 3 4 6 8 9 |  9.1
Axes           | 1 2 |  2.3
Spellcasting   | 3 4 5 7 8 |  8.8
Conjurations   | 2 3 |  3.3
Fighting       | 1 2 |  2.7
Slings         | 1 2 4 |  4.7
Evocations     | 1 |  1.4

Action                   |  1- 3 |  4- 6 |  7- 9 | 10-12 || total
-------------------------+-------+-------+-------+-------++-------
Melee: Hand axe          |    17 |    19 |    15 |     9 ||    60
       Unarmed           |     2 |       |       |       ||     2
       Kick              |     3 |     7 |     3 |       ||    13
 Fire: Hunting sling     |       |       |    52 |    48 ||   100
 Cast: Foxfire           |    30 |    79 |    54 |     3 ||   166
       Scorch            |    10 |    46 |    71 |    43 ||   170
       Flame Wave        |       |       |     1 |       ||     1
       Conjure Flame     |       |       |       |     5 ||     5
Evoke: Wand              |       |       |     9 |     3 ||    12
  Use: Scroll            |       |    12 |     7 |     8 ||    27
       Potion            |       |     2 |     8 |     5 ||    15
Armor: Robe              |     4 |    15 |    20 |     3 ||    42
Dodge: Dodged            |    16 |    31 |    43 |    15 ||   105
Block: Buckler           |       |       |       |     2 ||     2
